 Dungeon Crawl Stone Soup version 0.27-a0-202-gdcb3803577 (console) character file.

Game seed: 10331316885250197508

11 Gather the Chiller (level 2, -1/17 HPs)
             Began as an Octopode Ice Elementalist on Jan 30, 2021.
             Slain by a gnoll
             ... wielding a cursed -3 halberd
              (4 damage)
             ... on level 1 of the Dungeon.
             The game lasted 00:03:41 (698 turns).

Gather the Chiller (Octopode Ice Elementalist)       Turns: 698, Time: 00:03:42

Health: -1/17      AC:  1    Str:  7    XL:     2   Next: 25%
Magic:  5/5        EV: 13    Int: 17    God:
Gold:   22         SH:  0    Dex: 12    Spells: 4/5 levels left

rFire    . . .     SeeInvis .   b - +0 dagger
rCold    . . .     Faith    .   (no shield)
rNeg     . . .     Spirit   .   (helmet restricted)
rPois    .         Reflect  .   (no amulet)
rElec    .         Harm     .   (no ring)
rCorr    .         Rampage  .   (no ring)
Will     .....                  (no ring)
Stlth    +++.......             (no ring)
HPRegen  0.05/turn              (no ring)
MPRegen  0.09/turn              (no ring)
                                (no ring)
                                (no ring)

@: no status effects
A: almost no armour, stealthy swim, amphibious, 8 rings, constrict 8, camouflage
1, gelatinous body 1
a: no special abilities


You were on level 1 of the Dungeon.
You visited 1 branch of the dungeon, and saw 1 of its levels.

You collected 22 gold pieces.

Inventory:

Hand Weapons
 b - a +0 dagger (weapon)
 d - a +0 club
 f - a +0 short sword
Missiles
 c - 27 bolts
Jewellery
 g - an uncursed amulet of faith


   Skills:
 - Level 2.0 Dodging
 - Level 2.6 Stealth
 - Level 2.0 Spellcasting
 + Level 4.5 Ice Magic


You had 4 spell levels left.
You knew the following spells:

 Your Spells              Type           Power        Failure   Level
a - Freeze                Ice            68%          3%          1

Your spell library contained the following spells:

 Spells                   Type           Power        Failure   Level
 Frozen Ramparts          Ice            34%          9%          3
 Ozocubu's Armour         Ice            17%          9%          3
 Hailstorm                Conj/Ice       9%           58%         4
 Summon Ice Beast         Ice/Summ       9%           58%         4


Dungeon Overview and Level Annotations

Branches:
Dungeon (1/15)

Altars:


Innate Abilities, Weirdness & Mutations

You cannot wear most types of armour.
You are very stealthy in the water. (Stealth+)
You are amphibious.
You can wear up to eight rings at the same time.
You can use your tentacles to constrict eight enemies at once.
Your skin changes colour to match your surroundings (Stealth+).
Your rubbery body absorbs attacks. (AC +1, EV +1)


Message History

Ouch! That really hurt!
* * * LOW HITPOINT WARNING * * *
You hear an angry hiss.
There is an open door here.
There is an open door here.
There is a fountain of clear blue water here.
The gnoll throws a stone.
The stone misses you.
The gnoll throws a stone.
The stone hits you but does no damage.
As you read the scroll labelled TYUNEW PIDAGA, it crumbles to dust.
You feel strangely unstable.
It was a scroll of teleportation.
Your surroundings suddenly seem different.
The gnoll barely misses you.
The gnoll throws a stone.
The stone misses you.
There is an open door here.
There is a staircase leading out of the dungeon here.
As you read the scroll labelled LIGEUSSOINN, it crumbles to dust.
You hear a loud clanging noise!
It was a scroll of noise.
The gnoll hits you with a cursed -3 halberd.
You die...

......# '######
.....# .....#
####### .....#
#.....# .....###
##.8.8.# .......##
##...8..#
.#'###..###...8.8.#
.#.# ##.##....g...#
.#.# #.#.⌠.⌠.###g#
.#l# #.#.....#.@.#
l#.# #.'..8..#<#.#
.#g# ###.....#.+.#
.#.# #.⌠.⌠.###.#
...# ##........#
..## ##...8.8.# >.#
##...8..# ..#
##.8.8.# ..#
#.....# ..# #######
..#


You could see a gnoll.

Vanquished Creatures
  A dart slug (D:1)
  2 bats (D:1)
  A hobgoblin (D:1)
  2 ball pythons (D:1)
  3 kobolds (D:1)
  A rat (D:1)
10 creatures vanquished.

Notes
Turn   | Place    | Note
-------+----------+-------------------------------------------
     0 | D:1      | Gather the Octopode Ice Elementalist began the quest for
                  | the Orb.
     0 | D:1      | Reached XP level 1. HP: 11/11 MP: 3/3
   465 | D:1      | Reached XP level 2. HP: 10/17 MP: 0/5
   698 | D:1      | Slain by a gnoll

Illustrated notes

Levels and vault maps discovered:
D:1:      ncdulo_halloftheorcs, layout_basic, corexii_corridor_pit,
          minmay_misc_feat_encased

Action                   || total
-------------------------++-------
Melee: Dagger            ||     4
       Constrict         ||     1
 Cast: Freeze            ||    13
  Use: Scroll            ||     2
 Stab: Sleeping          ||     1
Armor: Skin              ||     2
Dodge: Dodged            ||    13

Table legend: (Time is in decaauts)
 A = Elapsed time spent in this place.
 B = Non-inter-level travel time spent in this place.
 C = Inter-level travel time spent in this place.
 D = Time resting spent in this place.
 E = Time spent auto-exploring this place.
 F = Levels seen in this place.
 G = Mean time per level.
                   A        B        C        D        E       F      G
               +--------+--------+--------+--------+--------+-----+--------+
         Total |    697 |    697 |      0 |      0 |    489 |   1 |  697.0 |
       Dungeon |    697 |    697 |      0 |      0 |    489 |   1 |  697.0 |
               +--------+--------+--------+--------+--------+-----+--------+

Top non-repeatable levels by time:
     D:1: 697 daAuts
